 Dungeon Crawl Stone Soup version 0.27-a0-328-g7f782ed93a (webtiles) character file.

Game seed: 5707783020207618953

1 LuckyCharm the Sneak (level 1, -1/19 HPs)
             Began as a Ghoul Delver on Feb 12, 2021.
             Killed from afar by a white imp (3 damage)
             ... with a puff of frost
             ... summoned by Eustachio
             ... on level 5 of the Dungeon.
             The game lasted 00:04:10 (225 turns).

LuckyCharm the Sneak (Ghoul Delver)                  Turns: 225, Time: 00:04:10

Health: -1/19      AC:  4    Str: 15    XL:     1   Next: 20%
Magic:  0/0        EV: 11    Int:  5    God:
Gold:   8          SH:  0    Dex: 10    Spells: 0/0 levels left

rFire    . . .     SeeInvis .   e - +0 hand axe
rCold    + . .     Faith    .   (no shield)
rNeg     + + +     Spirit   .   a - +0 leather armour
rPois    ∞         Reflect  .   g - +0 helmet
rElec    .         Harm     .   (no cloak)
rCorr    .         Rampage  .   (no gloves)
Will     .....                  (no boots)
Stlth    +++.......             (no amulet)
HPRegen  0.00/turn              (no ring)
MPRegen  0.07/turn              (no ring)

@: no status effects
A: claws 1, cold resistance 1, negative energy resistance 3, inhibited
regeneration, torment resistance, unbreathing
a: no special abilities


You were on level 5 of the Dungeon.
You visited 2 branches of the dungeon, and saw 2 of its levels.

You collected 8 gold pieces.

Inventory:

Hand Weapons
 e - a +0 hand axe (weapon)
Armour
 a - a +0 leather armour (worn)
 g - a +0 helmet (worn)
Wands
 f - a wand of digging (3) (quivered)
Scrolls
 b - a scroll of fog
 c - a scroll of magic mapping
 d - a scroll of fear


   Skills:
 + Level 3.2 Fighting
 + Level 1.7 Dodging
 + Level 5.5 Stealth
 + Level 2.1 Unarmed Combat


You couldn't memorise any spells.
You didn't know any spells.
Your spell library was empty.

Dungeon Overview and Level Annotations

Branches:
Dungeon (5/15)             Temple (1/1) D:5

Altars:
Cheibriados
Elyvilon
Gozag
Kikubaaqudgha
Sif Muna
Vehumet
Wu Jian
The Shining One
Lugonu

Annotations:
D:5 Eustachio


Innate Abilities, Weirdness & Mutations

You thrive by killing the living.
You are immune to poison.
You have sharp fingernails.
Your flesh is cold resistant. (rC+)
You are immune to negative energy. (rN+++)
You do not regenerate when monsters are visible.
You are immune to unholy pain and torment.
You can survive without breathing.


Message History

Eustachio hits you with a +1 rapier of speed.
The bat misses you. The bat barely misses you.
Eustachio gestures wildly while chanting.
You hit the bat but do no damage. The bat barely misses you.
The bat hits you but does no damage.
You hit the bat.
You kill the bat!
The bat's corpse disappears in a puff of smoke!
You hit the bat. The bat barely misses you. x2
You closely miss the bat.
The bat is moderately wounded.
The bat barely misses you. The bat hits you.
You closely miss the bat.
The bat is moderately wounded.
You barely miss Eustachio. The bat closely misses you.
Eustachio hits you with a +1 rapier of speed!
Eustachio hits you but does no damage.
You closely miss the bat.
The bat is moderately wounded.
You barely miss Eustachio. The bat barely misses you.
Eustachio gestures wildly while chanting.
The river rat twitches its whiskers.
You hit the white imp.
The white imp is lightly wounded.
You hit Eustachio but do no damage. The bat hits you but does no damage.
Eustachio barely misses you.
The white imp hits you but does no damage.
Eustachio hits you with a +1 rapier of speed.
You closely miss the ufetubus. You closely miss the bat.
You closely miss the white imp. You closely miss Eustachio.
The bat hits you but does no damage. The ufetubus misses you.
The ufetubus hits you but does no damage.
The ufetubus hits you.
* * * LOW HITPOINT WARNING * * *
The ufetubus hits you.
* * * LOW HITPOINT WARNING * * *
The white imp gestures at you. The puff of frost hits you. You resist.
You die...

. ... #### ....###..
.......5### #b5@@r########.
#####5..<...≈≈. #.......≈#
##r.....≈# #......≈#
#############......≈≈≈
#######......(...##......#.#
............................
#.##.##..........#..........


You could see Eustachio, an iron imp (summoned), a river rat (summoned), a white
imp (summoned), an ufetubus (summoned) and a bat (summoned).

Vanquished Creatures
  A frilled lizard (D:5)
  A leopard gecko skeleton (D:5)
2 creatures vanquished.

Notes
Turn   | Place    | Note
-------+----------+-------------------------------------------
     0 | D:5      | LuckyCharm the Ghoul Delver began the quest for the Orb.
     0 | D:5      | Reached XP level 1. HP: 19/19 MP: 0/0
    47 | D:5      | Found a staircase to the Ecumenical Temple.
    75 | Temple   | Entered the Ecumenical Temple
   196 | D:5      | Noticed Eustachio
   224 | D:5      | Noticed an iron imp
   225 | D:5      | Killed from afar by a white imp

Illustrated notes

Levels and vault maps discovered:
D:5:      layout_rooms, kennysheep_mini_moat, minmay_temple_entry_large_hall,
          uniq_eustachio, uniq_crazy_yiuf_cottage, uniq_edmund
Temple:   corrupted_temple

Action                   || total
-------------------------++-------
Melee: Hand axe          ||     7
       Unarmed           ||     3
  Use: Potion            ||     3
Armor: Leather armour    ||     8
Dodge: Dodged            ||    14

Table legend: (Time is in decaauts)
 A = Elapsed time spent in this place.
 B = Non-inter-level travel time spent in this place.
 C = Inter-level travel time spent in this place.
 D = Time resting spent in this place.
 E = Time spent auto-exploring this place.
 F = Levels seen in this place.
 G = Mean time per level.
                   A        B        C        D        E       F      G
               +--------+--------+--------+--------+--------+-----+--------+
         Total |    208 |    208 |      0 |      0 |      0 |   2 |  104.0 |
       Dungeon |    121 |    121 |      0 |      0 |      0 |   1 |  121.0 |
        Temple |     86 |     86 |      0 |      0 |      0 |   1 |   86.0 |
               +--------+--------+--------+--------+--------+-----+--------+

Top non-repeatable levels by time:
     D:5: 121 daAuts
  Temple: 86 daAuts
